 Dungeon Crawl Stone Soup version 0.31-a0-217-g58bb5d79cf (webtiles) character file.

Game seed: 7043423410776148

39 qw the Shooter (level 3, 0/22 HPs)
             Began as a Gargoyle Hexslinger on July 2, 2023.
             Slain by a cerulean imp
             ... wielding a +2 spear
             ... summoned by Natasha
              (4 damage)
             ... on level 2 of the Dungeon.
             The game lasted 00:00:29 (967 turns).

qw the Shooter (Gargoyle Hexslinger)                 Turns: 967, Time: 00:00:30

Health: 0/22       AC:  6    Str: 11    XL:     3   Next: 47%
Magic:  4/4        EV: 12    Int: 13    God:
Gold:   93         SH:  0    Dex: 14    Spells: 3/4 levels left

rFire   . . .        Y - +1 sling
rCold   . . .        (no shield)
rNeg    + . .        c - +0 robe
rPois   inf          (no helmet)
rElec   +            b - +0 cloak
rCorr   .            (no gloves)
SInv    .            (no boots)
Will    .....        (no amulet)
Stlth   +            (no ring)
HPRegen 0.23/turn    (no ring)
MPRegen 0.09/turn

%: no passive effects
@: slowed, very slow
A: sickness immunity, AC +3, negative energy resistance 1, electricity
resistance, torment resistance 1, petrification resistance
a: no special abilities


You were on level 2 of the Dungeon.
You visited 1 branch of the dungeon, and saw 2 of its levels.

You collected 93 gold pieces.


Innate Abilities, Weirdness & Mutations

You are immune to sickness and miasma.
Your stone body is resilient. (AC +3)
You are immune to poison.
You resist negative energy. (rN+)
You are resistant to electric shocks. (rElec)
You are resistant to unholy torment.
You are immune to petrification.


   Skills:
 - Level 2.3 Fighting
 + Level 3.2 Ranged Weapons
 - Level 1.5 Dodging
 - Level 1.0 Spellcasting
 - Level 2.6 Hexes


You had 3 spell levels left.
You knew the following spells:

 Your Spells              Type           Power      Damage    Failure   Level
a - Slow                  Hex            28%        N/A       10%         1

Your spell library contained the following spells:

 Spells                   Type           Power      Damage    Failure   Level
 Inner Flame              Hex/Fire       4%         N/A       43%         3
 Portal Projectile        Hex/Tloc       8%         N/A       43%         3
 Cause Fear               Hex            3%         N/A       67%         4

Inventory:

Hand Weapons
 Y - a +1 sling (weapon)
Armour
 b - a +0 cloak (worn)
 c - a +0 robe (worn)
 h - a +0 leather armour
Scrolls
 a - a scroll of identify
 f - 2 scrolls of teleportation {unknown}
Potions
 d - a potion of curing {unknown}
 e - a potion of brilliance {unknown}
 g - a potion of might {unknown}
 i - a potion of attraction {unknown}
 j - a potion of lignification {unknown}

Dungeon Overview and Level Annotations

Branches:
Dungeon (2/15)

Altars:

Annotations:
D:2 Natasha


Message History

You shoot a sling bullet. The sling bullet hits Natasha.
Natasha is moderately wounded.
Natasha wildly gestures.
You feel troubled. Natasha misses you.
The cerulean imp hits you from afar with a +2 spear.
You shoot a sling bullet. The sling bullet hits Natasha.
Natasha is heavily wounded.
Natasha casts a spell at you.
The magic dart hits you but does no damage.
The cerulean imp barely misses you.
The cerulean imp hits you but does no damage.
Natasha howls an incantation.
Natasha glows brightly for a moment.
Natasha completely misses you.
You shoot a sling bullet. The sling bullet hits Natasha.
Natasha is heavily wounded.
Natasha completely misses you.
The cerulean imp hits you from afar with a +2 spear.
Natasha barely misses you.
The cerulean imp hits you from afar with a +2 spear.
You shoot a sling bullet. The sling bullet hits Natasha.
Natasha is almost dead.
Natasha closely misses you.
The cerulean imp hits you but does no damage.
The cerulean imp misses you. Natasha completely misses you.
You shoot a sling bullet. The sling bullet hits Natasha.
Natasha is almost dead.
Natasha barely misses you. The cerulean imp barely misses you.
The cerulean imp hits you from afar with a +2 spear.
Natasha claws you but does no damage.
You shoot a sling bullet.
The sling bullet closely misses Natasha.
Natasha claws you!
The cerulean imp hits you but does no damage. x2
Natasha closely misses you.
You shoot a sling bullet. The sling bullet barely misses Natasha.
Natasha misses you.
The cerulean imp hits you from afar with a +2 spear.
You die...

%......##.#. ...
P.......#... . ..
.P#......... ##.#..
..#.........##...>
####......#%...#.#
###.......##..#..#######
..........##..5.........
##.#......##....h.......
...#............@..?....
####......##............
)###....................
........................
..###..##...............
#.....###...............
...........##...........
....................###.
..####.....####.....#


You could see Natasha and a cerulean imp (summoned).

Vanquished Creatures
  An adder (D:2)
  A worm (D:1)
  2 dart slugs
  An endoplasm (D:1)
  2 giant cockroaches
  3 hobgoblins
  3 ball pythons (D:1)
  4 bats
  2 frilled lizards (D:1)
  2 goblins
  4 rats
25 creatures vanquished.

Notes
Turn   | Place    | Note
-------+----------+-------------------------------------------
     0 | D:1      | qw the Gargoyle Hexslinger began the quest for the Orb.
     0 | D:1      | Reached XP level 1. HP: 12/12 MP: 2/2
     0 | D:1      | 0 ||| qw: Version: 0.3-a-40-ge99b1a8
     0 | D:1      | 0 ||| qw: Game counter: 240
     0 | D:1      | 0 ||| qw: Melee chars always use a shield: true
     0 | D:1      | 0 ||| qw: God list: Okawaru
     0 | D:1      | 0 ||| qw: Allow faded altars: false
     0 | D:1      | 0 ||| qw: Do Orc after clearing Dungeon:15 true
     0 | D:1      | 0 ||| qw: Do second Lair branch before Depths: true
     0 | D:1      | 0 ||| qw: Lair rune preference: random
     0 | D:1      | 0 ||| qw: Goals: Normal
     0 | D:1      | 0 ||| PLANNING D:1-11
    78 | D:1      | You fall into a shaft and drop 1 floor!
    81 | D:2      | 81 ||| DROPPING scroll of poison.
   177 | D:1      | Reached XP level 2. HP: 15/16 MP: 3/3
   393 | D:1      | Reached skill level 3 in Ranged Weapons
   421 | D:1      | 421 ||| FLEEEEING.
   423 | D:1      | 423 ||| FLEEEEING.
   426 | D:1      | 426 ||| FLEEEEING.
   704 | D:1      | 704 ||| UPGRADING to +0 cloak.
   709 | D:1      | 709 ||| READING 2 scrolls labelled FYJIGEXOOBI.
   710 | D:1      | 710 ||| READING scroll labelled PUEXZACONO.
   743 | D:2      | 743 ||| STAIRDANCE
   746 | D:1      | HP: 1/16 [worm (7)]
   829 | D:2      | Found a faded altar of an unknown god.
   844 | D:2      | Reached XP level 3. HP: 19/22 MP: 4/4
   956 | D:2      | Noticed Natasha
   966 | D:2      | HP: 4/22 [Natasha (7)]
   967 | D:2      | Slain by a cerulean imp

Levels and vault maps discovered:
D:1:      ncdulo_lavacross, layout_basic
D:2:      layout_rooms, shapermc_ecumenical_altar_mp_ritualfount, uniq_natasha

Skill      XL: |  1  2 |
---------------+-------+-----
Ranged Weapons | 3 |  3.2
Fighting       | 2 |  2.3
Dodging        | |  1.5
Spellcasting   | |  1.0
Hexes          | |  2.6

Action                     || total
---------------------------++-------
   Fire: Sling             ||   114
    Use: Scroll            ||     2
 Armour: Robe              ||    28
  Dodge: Dodged            ||    58

Table legend:
 A = Non-vault XP
 B = Vault XP
 C = Vault XP percentage of total XP
 D = Non-vault monster count
 E = Vault monster count
 F = Vault count percentage of total count
                 A         B        C        D         E       F
            +---------+---------+-------+---------+---------+-------
      Total |      57 |       0 |   0.0 |      25 |       0 |   0.0
            +---------+---------+-------+---------+---------+-------
        D:1 |      31 |       0 |   0.0 |      17 |       0 |   0.0
        D:2 |      26 |       0 |   0.0 |       8 |       0 |   0.0
            +---------+---------+-------+---------+---------+-------
